 Dungeon Crawl Stone Soup version 0.32-a0-43-g058985b245 (webtiles) character file.

Game seed: 13710126260567189915

4516 pokeman the Thaumaturge (level 10, -3/56 HPs)
             Began as a Deep Elf Hedge Wizard on Feb 3, 2024.
             Was a Believer of Vehumet.
             Slain by a warg (8 damage)
             ... on level 8 of the Dungeon.
             The game lasted 00:17:09 (8210 turns).

pokeman the Thaumaturge (Deep Elf Hedge Wizard)     Turns: 8210, Time: 00:17:09

Health: -3/56      AC:  7    Str: 13    XL:     10   Next: 16%
Magic:  25/29      EV: 13    Int: 24    God:    Vehumet [**....]
Gold:   544        SH:  5    Dex: 18    Spells: 25/36 levels left

rFire   . . .        H - +2 trident of Cetzuk {drain, rPois Dex+4}
rCold   . . .        (no shield)
rNeg    . . .        c - +2 leather armour {rPois}
rPois   +            B - +0 helmet
rElec   .            (no cloak)
rCorr   .            l - +0 pair of gloves
SInv    .            (no boots)
Will    +....        a - amulet of reflection
Stlth   ++           w - +6 ring of strength
HPRegen 0.29/turn    (no ring)
MPRegen 0.21/turn

%: reflection
@: on blink cooldown
A: no striking features
a: Renounce Religion


You were on level 8 of the Dungeon.
You worshipped Vehumet.
Vehumet was pleased with you.
You visited 2 branches of the dungeon, and saw 9 of its levels.

You collected 544 gold pieces.

Inventory:

Hand Weapons
 H - the +2 trident of Cetzuk (weapon) {drain, rPois Dex+4}
   (You found it on level 7 of the Dungeon)

   Dex+4:     It affects your dexterity (+4).
   rPois:     It protects you from poison
 I - a +2 whip of electrocution
 J - a +1 dagger of venom
Missiles
 u - a curare-tipped dart
 v - 2 throwing nets
Armour
 c - a +2 leather armour of poison resistance (worn)
 l - a +0 pair of gloves (worn)
 A - an orb of light
 B - a +0 helmet (worn)
 D - a +1 robe of cold resistance
Jewellery
 a - an amulet of reflection (around neck)
 w - a +6 ring of strength (left hand)
Wands
 o - a wand of mindburst (13)
 C - a wand of paralysis (7)
 F - a wand of acid (6)
Scrolls
 f - 2 scrolls of amnesia {unknown}
 h - 7 scrolls of identify {unknown}
 j - a scroll of enchant weapon {unknown}
 p - a scroll of fear {unknown}
 r - a scroll of acquirement {unknown}
 s - a scroll of teleportation {unknown}
 t - a scroll of immolation {unknown}
 y - a scroll of poison {unknown}
 E - a scroll of blinking {unknown}
 G - a scroll of silence {unknown}
 K - a scroll of noise {unknown}
 L - a scroll of butterflies {unknown}
Potions
 b - 2 potions of berserk rage {unknown}
 d - a potion of magic
 e - 2 potions of enlightenment {unknown}
 g - a potion of cancellation {unknown}
 i - 2 potions of curing {unknown}
 k - 3 potions of haste {unknown}
 m - a potion of brilliance {unknown}
 n - a potion of invisibility {unknown}
 q - a potion of degeneration {unknown}
 x - 2 potions of heal wounds {unknown}
 z - a potion of attraction {unknown}


   Skills:
 + Level 3.9 Fighting
 - Level 4.0 Armour
 - Level 3.0 Dodging
 - Level 3.0 Stealth
 * Level 13.9 Spellcasting
 + Level 8.0 Conjurations
 - Level 1.1 Summonings
 - Level 1.1 Translocations
 - Level 1.2 Air Magic
 - Level 1.3 Alchemy
 - Level 1.0 Evocations


You had 25 spell levels left.
You knew the following spells:

 Your Spells              Type           Power      Damage    Failure   Level
a - Magic Dart            Conj           100%       1d8       1%          1
b - Mephitic Cloud        Conj/Alch/Air  33%        N/A       3%          3
c - Call Imp              Summ           44%        N/A       4%          2
d - Blink                 Tloc           44%        N/A       4%          2
e - Swiftness             Air            22%        N/A       8%          3

Your spell library contained the following spells:

 Spells                   Type           Power      Damage    Failure   Level
 Shock                    Conj/Air       100%       1d9       1%          1
 Slow                     Hex            64%        N/A       4%          1
 Cigotuvi's Dreadful Rot  Necr/Alch/Air  40%        N/A       4%          2
 Ensorcelled Hibernation  Hex/Ice        32%        N/A       7%          2
 Fugue of the Fallen      Necr           16%        N/A       13%         3
 Passwall                 Erth           16%        N/A       13%         3
 Anguish                  Hex/Necr       8%         N/A       41%         4


Dungeon Overview and Level Annotations

Branches:
Dungeon (8/15)             Temple (1/1) D:5            Lair (0/5) D:8

Altars:
Ashenzari
Cheibriados
Dithmenos
Elyvilon
Fedhas
Gozag
Hepliaklqana
Kikubaaqudgha
Makhleb
Nemelex Xobeh
Okawaru
Qazlal
Ru
Sif Muna
Uskayaw
Vehumet
Wu Jian
Xom
Yredelemnul
Zin

Shops:
D:3 :   D:7 [


Message History

Reach: H) +2 trident of Cetzuk {drain, rPois Dex+4}
Press: ? - help, Dir - move target, f/p - warg
Aim: a warg (heavily wounded, about 44% to evade the +2 trident of Cetzuk)
You closely miss the warg.
The warg is heavily wounded.
The warg completely misses you. The warg closely misses you.
Unknown command.
Reach: H) +2 trident of Cetzuk {drain, rPois Dex+4}
Press: ? - help, Dir - move target, f/p - warg
Aim: a warg (heavily wounded, about 44% to evade the +2 trident of Cetzuk)
You barely miss the warg.
The warg is heavily wounded.
The warg bites you!! The warg bites you.
Unknown command.
Reach: H) +2 trident of Cetzuk {drain, rPois Dex+4}
Press: ? - help, Dir - move target, f/p - warg
Aim: a warg (heavily wounded, about 44% to evade the +2 trident of Cetzuk)
You hit the warg but do no damage.
The warg is heavily wounded.
The warg barely misses you. The warg bites you.
Unknown command.
Casting: Magic Dart (safe; 1% risk of failure)
Confirm with . or Enter, or press ? or * to list all spells.
You blink.
Unknown command.
Casting: Blink (safe; 4% risk of failure)
Confirm with . or Enter, or press ? or * to list all spells.
A tiny devil pulls itself out of the air.
Aiming: Mindburst
Press: ? - help, Shift-Dir - straight line, f/p - warg
Aim: a warg (heavily wounded, ally target, chance to affect: 51%)
The warg resists with significant effort.
The warg bites you!
* * * LOW HITPOINT WARNING * * *
Your cerulean imp closely misses the warg.
Aiming: Paralyse
Press: ? - help, Shift-Dir - straight line, f/p - warg
Aim: a warg (heavily wounded, ally target, chance to affect: 33%)
The warg easily resists.
The warg bites you!
You die...

..... ..#####.. ##....# #....
.......# ##....# #...# #......##
##.<).# #...# #....$... ##....#
#...# #........ ##....#
#...####........ ##....#
#...'........... ##....#
#...####........ ##....# #@h.#
####...## ......#
##5..#############
...############......#.........#
...##.........#......#.........#
...##.........#......#.........#
...''....^....'......#.........#
...##......>..#......#.........##
...##.........#......#...........
...##.........#......########....


You could see a warg (ally target) and a friendly cerulean imp (summoned).

Vanquished Creatures
  A komodo dragon (D:8)
  Sigmund (D:6)
  5 yaks (D:6)
  A steam dragon (D:6)
  A water moccasin (D:7)
  Duvessa (D:6)
  2 black bears
  An orc warrior (D:7)
  An ice beast (D:5)
  2 sky beasts (D:7)
  2 wolves (D:8)
  3 centaurs
  A phantom (D:6)
  3 kobold brigands
  3 bullfrogs
  A scorpion (D:7)
  3 wights (D:8)
  Dowan (D:6)
  7 killer bees
  4 hounds
  2 orc priests
  3 gnoll boudas
  A jelly (D:4)
  3 iguanas
  4 orc wizards
  21 gnolls
  4 adders
  A shadow imp (D:5)
  4 white imps
  4 ufetubi
  A ribbon worm (D:4)
  2 dart slugs
  14 orcs
  7 endoplasms
  4 giant cockroaches
  3 hobgoblins
  15 kobolds
  4 quokkas
  10 ball pythons
  6 bats
  4 frilled lizards
  10 goblins
  6 rats
177 creatures vanquished.

Vanquished Creatures (collateral kills)
  A yak (D:6)
  2 killer bees (D:7)
  2 orcs (D:3)
  An endoplasm (D:3)
6 creatures vanquished.

Vanquished Creatures (others)
  2 killer bees (D:8)
2 creatures vanquished.

Grand Total: 185 creatures vanquished

Notes
Turn   | Place    | Note
-------+----------+-------------------------------------------
     0 | D:1      | pokeman the Deep Elf Hedge Wizard began the quest for the
                  | Orb.
     0 | D:1      | Reached XP level 1. HP: 10/10 MP: 7/7
     1 | D:1      | Noticed an electric eel
   386 | D:1      | Reached XP level 2. HP: 14/16 MP: 0/9
  1256 | D:2      | Reached skill level 5 in Spellcasting
  1317 | D:2      | Reached XP level 3. HP: 20/20 MP: 4/11
  1322 | D:2      | Learned a level 3 spell: Mephitic Cloud
  1325 | D:2      | Learned a level 2 spell: Call Imp
  1328 | D:2      | Learned a level 2 spell: Blink
  2032 | D:3      | Found a faded altar of an unknown god.
  2061 | D:3      | Reached skill level 1 in Fighting
  2178 | D:3      | Reached skill level 1 in Armour
  2486 | D:3      | Found Kidaall's Book Boutique.
  2502 | D:3      | Reached XP level 4. HP: 25/25 MP: 9/13
  3329 | D:4      | Reached skill level 6 in Spellcasting
  3329 | D:4      | Reached XP level 5. HP: 29/29 MP: 7/15
  3802 | D:5      | Entered Level 5 of the Dungeon
  3885 | D:5      | Noticed a centaur
  3891 | D:5      | Killed a centaur
  3892 | D:5      | Reached skill level 1 in Air Magic
  3892 | D:5      | Reached skill level 1 in Alchemy
  3892 | D:5      | Reached XP level 6. HP: 23/34 MP: 10/17
  3904 | D:5      | Reached skill level 7 in Spellcasting
  3904 | D:5      | Noticed an ice beast
  4315 | D:5      | Found a blossoming altar of Fedhas.
  4316 | D:5      | Found a staircase to the Ecumenical Temple.
  4326 | Temple   | Entered the Ecumenical Temple
  4331 | Temple   | Became a worshipper of Vehumet
  4367 | D:5      | Reached XP level 7. HP: 40/40 MP: 3/20
  4510 | D:5      | Reached skill level 8 in Spellcasting
  4715 | D:5      | Found an ancient bone altar of Kikubaaqudgha.
  4716 | D:5      | Found a snail-covered altar of Cheibriados.
  4907 | D:6      | Noticed a steam dragon
  4924 | D:6      | Killed a steam dragon
  4925 | D:6      | Reached skill level 9 in Spellcasting
  5109 | D:6      | Reached XP level 8. HP: 44/44 MP: 13/23
  5199 | D:6      | Noticed Sigmund
  5217 | D:6      | Killed Sigmund
  5218 | D:6      | Reached skill level 5 in Conjurations
  5531 | D:6      | Noticed Duvessa
  5531 | D:6      | Noticed Dowan
  5546 | D:6      | Killed Duvessa
  5547 | D:6      | Reached skill level 10 in Spellcasting
  5550 | D:6      | Killed Dowan
  5798 | D:6      | Reached * piety under Vehumet
  5798 | D:6      | Offered knowledge of Sting by Vehumet.
  5799 | D:6      | Reached skill level 11 in Spellcasting
  5804 | D:6      | Reached XP level 9. HP: 20/48 MP: 17/26
  6075 | D:6      | Reached skill level 12 in Spellcasting
  6409 | D:7      | Found a shadowy altar of Dithmenos.
  6441 | D:7      | Found a sacrificial altar of Ru.
  6495 | D:7      | Found an opulent altar of Gozag.
  6781 | D:7      | Reached skill level 1 in Evocations
  7021 | D:7      | Identified the +2 trident of Cetzuk {drain, rPois Dex+4}
  7146 | D:7      | Found Carph's Antique Armour Shoppe.
  7194 | D:7      | Reached skill level 13 in Spellcasting
  7753 | D:8      | Offered knowledge of Shock by Vehumet.
  7760 | D:8      | Reached XP level 10. HP: 47/56 MP: 27/29
  7775 | D:8      | Reached ** piety under Vehumet
  7974 | D:8      | Learned a level 3 spell: Swiftness
  8046 | D:8      | Found a staircase to the Lair.
  8210 | D:8      | Slain by a warg

Illustrated notes

Levels and vault maps discovered:
D:1:      arrival_aquarium_a, layout_loops_ring
D:2:      layout_basic, minivault_23
D:3:      layout_loops_ring, serial_shops, nicolae_square_shop,
          ebering_ecumenical_altar_hall
D:4:      layout_basic, serial_glass, glass_columns_c, glass_columns_b,
          glass_columns_b, glass_columns_a, glass_columns_b, glass_columns_a,
          glass_columns_c, glass_columns_a
D:5:      layout_gridville, fedhas_bush_and_centaur_altar,
          chequers_temple_overflow_statue_of_worship,
          minmay_temple_entry_metal_lava, serial_demonic, serial_demonic_d,
          serial_demonic_d, serial_demonic_e, serial_demonic_g
D:6:      layout_loops_corners, uniq_duvessa, uniq_sigmund
D:7:      layout_basic, mainiacjoe_overflow_24_doors,
          mainiacjoe_overflow_catch_the_wave, serial_shops, shop_coins,
          serial_library_hellmonk_statue_hall, amcnicky_mini_corridor_feature,
          minmay_tree_intersection, minmay_circle_x
D:8:      layout_basic, erik_lair_orcish_takeover
Temple:   nicolae_temple_ecumenical_triangle

Skill      XL: |  1  2  3  4  5  6  7  8  9 10 |
---------------+-------------------------------+-----
Spellcasting   | 5 6 7 9 11 13 | 13.9
Fighting       | 1 2 3 |  3.9
Armour         | 1 2 3 4 |  4.0
Conjurations   | 2 3 4 6 7 8 |  8.0
Stealth        | 3 |  3.0
Dodging        | 3 |  3.0
Air Magic      | 1 |  1.2
Alchemy        | 1 |  1.3
Evocations     | 1 |  1.0
Summonings     | |  1.1
Translocations | |  1.1

Action                     |  1- 3 |  4- 6 |  7- 9 | 10-12 || total
---------------------------+-------+-------+-------+-------++-------
  Melee: Dagger            |     8 |       |       |       ||     8
         Falchion          |     9 |    47 |   142 |       ||   198
         Punch             |       |     1 |     4 |     1 ||     6
         Trident           |       |       |    41 |    51 ||    92
   Cast: Magic Dart        |   122 |    95 |   122 |    29 ||   368
         Mephitic Cloud    |     2 |     9 |    29 |     6 ||    46
         Call Imp          |     1 |       |     3 |     7 ||    11
         Blink             |       |       |       |     1 ||     1
  Evoke: Wand              |       |       |       |     2 ||     2
   Stab: Sleeping          |     2 |       |       |       ||     2
         Confused          |     2 |     2 |    27 |     4 ||    35
         Distracted        |       |       |       |     1 ||     1
 Armour: Robe              |    19 |    18 |    31 |       ||    68
         Leather armour    |       |       |    54 |    21 ||    75
  Dodge: Dodged            |    21 |    37 |   102 |    18 ||   178
  Block: Other             |       |    12 |    34 |     3 ||    49
         Reflection        |       |     2 |     1 |     1 ||     4

Table legend: (Time is in decaauts)
 A = Elapsed time spent in this place.
 B = Non-inter-level travel time spent in this place.
 C = Inter-level travel time spent in this place.
 D = Time resting spent in this place.
 E = Time spent auto-exploring this place.
 F = Levels seen in this place.
 G = Mean time per level.
                   A        B        C        D        E       F      G
               +--------+--------+--------+--------+--------+-----+--------+
         Total |   8295 |   8124 |    171 |     59 |   6590 |   9 |  921.7 |
       Dungeon |   8284 |   8117 |    167 |     59 |   6590 |   8 | 1035.5 |
        Temple |     10 |      6 |      4 |      0 |      0 |   1 |   10.0 |
               +--------+--------+--------+--------+--------+-----+--------+

Top non-repeatable levels by time:
     D:6: 1578 daAuts
     D:7: 1287 daAuts
     D:1: 1251 daAuts
     D:5: 1060 daAuts
     D:3: 1013 daAuts
     D:4: 789 daAuts
     D:2: 752 daAuts
     D:8: 550 daAuts
  Temple: 10 daAuts
